Description

Build used by parting vs True @IEM Katowice 2019

Build Order

Get SALT Encoding   

  14  0:18  Pylon  
  15  0:29  Assimilator  
  17  0:47  Gateway  
  19  1:22  Nexus  
  20  1:37  Cybernetics Core  
  20  1:44  Assimilator  
  21  1:54  Pylon  
  23  2:13  Adept (Chrono Boost)  
  23  2:14  Warp Gate  
  26  2:26  Twilight Council  
  26  2:34  Adept (Chrono Boost)  
  32  2:54  Stalker  
  36  3:08  Robotics Facility  
  38  3:18  Dark Shrine  
  39  3:30  Gateway x2  
  41  3:50  Gateway  
  41  3:57  Warp Prism (Chrono Boost)  
  41  4:06  Assimilator x2  
  45  4:23  Pylon  
Spawning Tool Build Advisor. Get it on Overwolf

Analysis

The build is focused on killing the zerg third by having 4 DTs at 5 min mark killing his base. It doesn'matter if this build fails to kill the third since you can at least kill some drones and then merge the DTs to get archons and transition normally into a third.

Go to:

Details

  • Created by: Horuss     
  • Published on: Mar 05, 2019
  • Modified on: Mar 05, 2019
  • Patch: 4.7.1
Show
View Real Time Build Order
Export as new Build Order

Comments (0)

There are no comments. Be the first!

Create an account to comment!